 Dungeon Crawl Stone Soup version 0.30.1-11-g7821555f0a (webtiles) character file.

Game seed: 10834199810550457161

46 Janerl the Charlatan (level 3, -1/24 HPs)
             Began as a Merfolk Wanderer on Nov 17, 2023.
             Slain by a gnoll
             ... wielding a +0 spear
              (6 damage)
             ... on level 2 of the Dungeon.
             The game lasted 00:04:02 (1119 turns).

Janerl the Charlatan (Merfolk Wanderer)             Turns: 1119, Time: 00:04:03

Health: -1/24      AC:  4    Str: 16    XL:     3   Next: 66%
Magic:  4/4        EV: 12    Int:  9    God:
Gold:   134        SH:  0    Dex: 13    Spells: 4/4 levels left

rFire   . . .        a - +0 quarterstaff
rCold   . . .        (shield currently unavailable)
rNeg    . . .        e - +0 leather armour
rPois   .            m - +0 helmet
rElec   .            (no cloak)
rCorr   .            (no gloves)
SInv    .            (no boots)
Will    .....        (no amulet)
Stlth   +            (no ring)
HPRegen 0.24/turn    (no ring)
MPRegen 0.09/turn

%: no passive effects
@: no status effects
A: (nimble swimmer 2), mertail
a: no special abilities


You were on level 2 of the Dungeon.
You visited 1 branch of the dungeon, and saw 2 of its levels.

You collected 134 gold pieces.

Inventory:

Hand Weapons
 a - a +0 quarterstaff (weapon)
Armour
 e - a +0 leather armour (worn)
 m - a +0 helmet (worn)
Wands
 b - a wand of flame (14) (quivered)
Scrolls
 d - a scroll of fear
 f - a scroll of identify {unknown}
 h - a scroll of magic mapping {unknown}
 k - a scroll of brand weapon {unknown}
 l - a scroll of teleportation {unknown}
 n - a scroll of enchant armour {unknown}
Potions
 c - a potion of attraction
 g - 2 potions of resistance {unknown}
 i - a potion of lignification {unknown}
 j - a potion of degeneration {unknown}


   Skills:
 + Level 2.3 Staves
 + Level 1.0 Throwing
 + Level 0.5 Armour
 + Level 1.9 Dodging
 + Level 1.0 Spellcasting
 + Level 5.4 Evocations


You had 4 spell levels left.
You didn't know any spells.
Your spell library was empty.

Dungeon Overview and Level Annotations

Branches:
Dungeon (2/15)

Altars:


Innate Abilities, Weirdness & Mutations

((You are very nimble when in or above water. (Stealth+, EV+, Speed+++)))
Your lower body shifts to a powerful aquatic tail in water.


Message History

You kill the ball python!
n - a scroll labelled BIUCUZ QOJEG You now have 134 gold pieces (gained 9).
There is an escape hatch in the floor here.
A gnoll comes into view. It is wielding a +0 club.
The gnoll barely misses you.
A gnoll comes into view. It is wielding a +0 spear.
You sock the gnoll!
The gnoll is severely wounded.
The gnoll drinks a potion.
The gnoll is healed!
You barely miss the gnoll.
The gnoll is lightly wounded.
The gnoll misses you. The gnoll attacks as you move away!
The gnoll hits you with a +0 club.
You hit the gnoll.
The gnoll is moderately wounded.
The gnoll closely misses you. The gnoll closely misses you.
You thump the gnoll!
You kill the gnoll!
The gnoll barely misses you. The gnoll hits you with a +0 spear.
Things that are here:
a +0 club; 2 potions of curing You closely miss the gnoll.
The gnoll closely misses you. The gnoll hits you but does no damage.
You barely miss the gnoll. The gnoll hits you but does no damage.
You hit the gnoll but do no damage. The gnoll hits you with a +0 spear.
You hit the gnoll.
The gnoll is lightly wounded.
The gnoll hits you with a +0 spear.
You barely miss the gnoll.
The gnoll is lightly wounded.
The gnoll hits you with a +0 spear.
You hit the gnoll.
The gnoll is moderately wounded.
The gnoll hits you with a +0 spear!
* * * LOW HITPOINT WARNING * * *
The gnoll hits you with a +0 spear.
You die...

#......#.#......#...........#####
###>............#####<...........
....##...#.##.### #..........).
##########.##.# #............
#.##.#### #########.... #.##....#
#### #.... ## #.#####.#
...#######.... .# #.# #.#
...##........# .## #..
#@##...##........# <.#
#g.#.............# ..#
##.#...##........# ..#
#.....##........# ###
#......#........#
#......##.#+##.## #......##.
#..## ........# ..#...#
#........# #......


You could see a gnoll.

Vanquished Creatures
  A gnoll (D:2)
  5 ball pythons
  4 bats
  4 endoplasms
  A giant cockroach (D:1)
  4 goblins (D:1)
  3 hobgoblins (D:1)
  4 jackals (D:1)
  2 quokkas (D:2)
  A frilled lizard (D:1)
  2 kobolds (D:1)
  A rat (D:1)
32 creatures vanquished.

Notes
Turn   | Place    | Note
-------+----------+-------------------------------------------
     0 | D:1      | Janerl the Merfolk Wanderer began the quest for the Orb.
     0 | D:1      | Janerl set off with the following items: a +0 quarterstaff,
                  | a wand of flame (16), a potion of attraction, a scroll of
                  | fear, a +0 leather armour.
     0 | D:1      | Reached XP level 1. HP: 13/13 MP: 2/2
    78 | D:1      | Reached XP level 2. HP: 8/19 MP: 3/3
   495 | D:1      | Reached XP level 3. HP: 24/24 MP: 4/4
   818 | D:2      | Found Vygeepp's Book Emporium.
  1119 | D:2      | Slain by a gnoll

Illustrated notes

Levels and vault maps discovered:
D:1:      co_arrival_two_rings, layout_loops_ring
D:2:      layout_basic, serial_shops, shop

Skill      XL: |  1  2 |
---------------+-------+-----
Staves         | 2 |  2.3
Throwing       | |  1.0
Armour         | |  0.5
Dodging        | |  1.9
Spellcasting   | |  1.0
Evocations     | |  5.4

Action                     || total
---------------------------++-------
  Melee: Quarterstaff      ||   107
  Evoke: Wand              ||     2
   Stab: Sleeping          ||     1
 Armour: Leather armour    ||    51
  Dodge: Dodged            ||    98
